 Dungeon Crawl Stone Soup version 0.28-a0-479-g5baa6b73be (webtiles) character file.

Game seed: 10792064666802490851

34 Conn the Firebug (level 3, -2/21 HPs)
             Began as an Octopode Fire Elementalist on Sept 19, 2021.
             Succumbed to a kobold's poison
             ... on level 2 of the Dungeon.
             The game lasted 00:02:50 (1058 turns).

Conn the Firebug (Octopode Fire Elementalist)       Turns: 1058, Time: 00:02:50

Health: -2/21      AC:  1    Str:  7    XL:     3   Next: 31%
Magic:  1/6        EV: 13    Int: 18    God:
Gold:   34         SH:  0    Dex: 12    Spells: 6/7 levels left

rFire   + . .      SeeInvis .   b - +1 dagger (venom)
rCold   + . .      Faith    .   (no shield)
rNeg    . . .      Spirit   .   (helmet restricted)
rPois   +          Reflect  .   (no amulet)
rElec   +          Harm     .   (no ring)
rCorr   +          Rampage  .   (no ring)
Will    .....                   (no ring)
Stlth   +++.......              (no ring)
HPRegen 0.07/turn               (no ring)
MPRegen 0.10/turn               (no ring)
                                (no ring)
                                (no ring)

@: lethally poisoned (-2 -> -13), resistant
A: almost no armour, amphibious, 8 rings, camouflage 1, gelatinous body 1,
(nimble swimmer 1), tentacles
a: no special abilities


You were on level 2 of the Dungeon.
You visited 1 branch of the dungeon, and saw 2 of its levels.

You collected 34 gold pieces.

Inventory:

Hand Weapons
 b - a +1 dagger of venom (weapon)
Scrolls
 a - a scroll of fear {unknown}
 c - a scroll of teleportation {unknown}
Potions
 e - a potion of attraction {unknown}


   Skills:
 + Level 0.3 Short Blades
 + Level 2.1 Dodging
 + Level 3.0 Stealth
 + Level 2.5 Spellcasting
 + Level 1.1 Conjurations
 + Level 3.5 Fire Magic


You had 6 spell levels left.
You knew the following spells:

 Your Spells              Type           Power      Damage    Failure   Level
a - Foxfire               Conj/Fire      40%        2x1d6     7%          1

Your spell library contained the following spells:

 Spells                   Type           Power      Damage    Failure   Level
 Scorch                   Fire           28%        2d6       6%          2
 Conjure Flame            Conj/Fire      10%        6-21      21%         3
 Inner Flame              Hex/Fire       8%         N/A       26%         3
 Flame Wave               Conj/Fire      10%        3d4       54%         4


Dungeon Overview and Level Annotations

Branches:
Dungeon (2/15)

Altars:


Innate Abilities, Weirdness & Mutations

You cannot wear most types of armour.
You are amphibious.
You can wear up to eight rings at the same time.
Your skin changes colour to match your surroundings (Stealth+).
Your rubbery body absorbs attacks. (AC +1, EV +1)
((You are camouflaged near water. (Stealth+)))
You have tentacles for arms and can constrict up to eight enemies at once.


Message History

Confirm with . or Enter, or press ? or * to list all spells.
You conjure some foxfire!
The foxfire hits the orc.
You kill the orc!
The foxfire hits the hobgoblin but does no damage.
The hobgoblin is moderately wounded.
The hobgoblin barely misses you.
Casting: Foxfire (safe; 7% risk of failure)
Confirm with . or Enter, or press ? or * to list all spells.
You don't have enough magic to cast this spell.
Unknown command.
The foxfire hits the hobgoblin.
The hobgoblin is severely wounded.
The foxfire hits the hobgoblin.
The hobgoblin is almost dead.
You hit the hobgoblin.
You kill the hobgoblin!
You hit the hobgoblin.
The hobgoblin is poisoned.
You grab the hobgoblin.
The hobgoblin is moderately wounded.
You constrict the hobgoblin, but do no damage.
The hobgoblin barely misses you.
You hit the hobgoblin.
The hobgoblin looks even sicker.
The hobgoblin is heavily wounded.
You constrict the hobgoblin.
You kill the hobgoblin!
You barely miss the kobold. You grab the kobold. You constrict the kobold.
The kobold hits you with a +2 whip of venom.
You are poisoned.
You release your grip on the kobold.
You feel very sick.
You feel sick.
You feel sick.
The kobold hits you with a +2 whip of venom.
You are lethally poisoned!
* * * LOW HITPOINT WARNING * * *
You feel very sick.
* * * LOW HITPOINT WARNING * * *
You feel very sick.
It was a potion of resistance.
You feel protected.
You die...

#.#.###.####
#.#.........
#.†..)......
#J#.......#
#.#....####
#J#.####
#.#.. #K#..
#@#...
#.#.## #.#.#
#.# #.# #.#
#.# ###.#
#...#


You could see 2 endoplasms and a kobold.

Vanquished Creatures
  An orc (D:2)
  2 endoplasms (D:1)
  7 giant cockroaches (D:1)
  2 goblins (D:1)
  4 hobgoblins
  A jackal (D:2)
  A quokka (D:1)
  2 ball pythons (D:1)
  3 bats (D:1)
  2 frilled lizards (D:1)
  A kobold (D:1)
  3 rats (D:1)
29 creatures vanquished.

Vanquished Creatures (others)
  54 foxfires
54 creatures vanquished.

Grand Total: 83 creatures vanquished

Notes
Turn   | Place    | Note
-------+----------+-------------------------------------------
     0 | D:1      | Conn the Octopode Fire Elementalist began the quest for the
                  | Orb.
     0 | D:1      | Reached XP level 1. HP: 11/11 MP: 3/3
   133 | D:1      | Reached XP level 2. HP: 16/17 MP: 0/5
   672 | D:1      | Reached XP level 3. HP: 18/21 MP: 2/6
  1057 | D:2      | HP: 1/21 [poisoned by a kobold]
  1058 | D:2      | Succumbed to a kobold's poison

Illustrated notes

Levels and vault maps discovered:
D:1:      ebering_trefoil_3fold, layout_rooms, hangedman_decor_clover_reticule,
          minmay_worlds_worst_comb
D:2:      minmay_recursive_quarters, layout_basic,
          chequers_ecumenical_altar_lobes, serial_shops, nicolae_shop_waterfront

Skill      XL: |  1  2 |
---------------+-------+-----
Stealth        | 3 |  3.0
Short Blades   | |  0.3
Dodging        | |  2.1
Spellcasting   | |  2.5
Conjurations   | |  1.1
Fire Magic     | |  3.5

Action                   || total
-------------------------++-------
Melee: Unarmed           ||     4
       Constrict         ||     5
       Tentacles         ||     5
       Dagger            ||    24
 Cast: Foxfire           ||    33
  Use: Potion            ||     1
 Stab: Sleeping          ||     1
Armor: Skin              ||     2
Dodge: Dodged            ||    21

Table legend: (Time is in decaauts)
 A = Elapsed time spent in this place.
 B = Non-inter-level travel time spent in this place.
 C = Inter-level travel time spent in this place.
 D = Time resting spent in this place.
 E = Time spent auto-exploring this place.
 F = Levels seen in this place.
 G = Mean time per level.
                   A        B        C        D        E       F      G
               +--------+--------+--------+--------+--------+-----+--------+
         Total |   1057 |   1057 |      0 |    216 |    523 |   2 |  528.5 |
       Dungeon |   1057 |   1057 |      0 |    216 |    523 |   2 |  528.5 |
               +--------+--------+--------+--------+--------+-----+--------+

Top non-repeatable levels by time:
     D:1: 763 daAuts
     D:2: 293 daAuts
